 Dungeon Crawl Stone Soup version 0.22-a0-282-gdd34a7d (webtiles) character file.

11389 ohad the Fencer (level 11, -15/97 HPs)
             Began as a Minotaur Gladiator on Mar 17, 2018.
             Was a High Priest of Makhleb.
             Demolished by a white ugly thing (26 damage)
             ... on level 11 of the Dungeon.
             The game lasted 00:29:05 (10259 turns).

ohad the Fencer (Minotaur Gladiator)               Turns: 10259, Time: 00:29:06

Health: -15/97     AC: 12    Str: 19    XL:     11   Next: 48%
Magic:  10/10      EV: 14    Int:  5    God:    Makhleb [*****.]
Gold:   373        SH:  0    Dex: 15    Spells: 10/10 levels left

rFire    . . .     SeeInvis .   d - +0 scimitar
rCold    . . .     Gourm    .   (no shield)
rNeg     . . .     Faith    .   o - +0 scale mail
rPois    .         Spirit   .   c - +0 hat
rElec    .         Reflect  .   (no cloak)
rCorr    .         Harm     .   J - +0 pair of gloves {archery}
MR       .....                  K - +0 pair of boots
Stlth    ..........             (no amulet)
HPRegen  0.26/turn              O - +2 ring of protection
MPRegen  0.12/turn              H - +3 ring of slaying

@: lethally poisoned (-15 -> -16)
A: retaliatory headbutt, horns 2
a: Minor Destruction, Lesser Servant of Makhleb, Major Destruction, Greater
Servant of Makhleb, Renounce Religion


You were on level 11 of the Dungeon.
You worshipped Makhleb.
Makhleb was extremely pleased with you.
You were not hungry.

You visited 1 branch of the dungeon, and saw 11 of its levels.
You also visited: Ossuary.

You collected 733 gold pieces.
You spent 360 gold pieces at shops.

Inventory:

Hand Weapons
 a - a +0 long sword
 d - a +0 scimitar (weapon)
 I - a +3 quarterstaff of chaos
Missiles
 h - 80 bolts
 j - 7 javelins (quivered)
 m - 21 poisoned needles
Armour
 b - a +0 leather armour
 c - a +0 hat (worn)
 e - a +0 chain mail
 o - a +0 scale mail (worn)
 J - a +0 pair of gloves of archery (worn)
 K - a +0 pair of boots (worn)
 U - a +1 ring mail of cold resistance
 Z - a +0 troll leather armour
Jewellery
 w - an uncursed amulet of regeneration
 G - the amulet of Zisium {Inacc rF+ Int+4}
   (You found it on level 7 of the Dungeon)

   [amulet of inaccuracy]

   It reduces the accuracy of all your attacks.
   It affects your intelligence (+4).
   It protects you from fire.
 H - a +3 ring of slaying (right hand)
 L - an uncursed ring of resist corrosion
 O - a +2 ring of protection (left hand)
 W - the ring "Puquez" {Ice rN+ MR+++ Str-5}
   (You found it on level 4 of the Dungeon)

   [ring of ice]

   It enhances your ice magic.
   It affects your strength (-5).
   It makes you vulnerable to fire.
   It protects you from cold.
   It protects you from negative energy.
   It affects your resistance to hostile enchantments.
Wands
 g - a wand of enslavement (27)
 A - a wand of acid (6)
 C - a wand of polymorph (22)
 R - a wand of paralysis (21)
Scrolls
 l - 5 scrolls of remove curse
 n - a scroll of magic mapping
 u - 5 scrolls of fear
 v - a scroll of enchant armour {unknown}
 x - a scroll of enchant weapon {unknown}
 y - 3 scrolls of noise {unknown}
 B - 2 scrolls of amnesia {unknown}
 E - 2 scrolls of immolation {unknown}
 M - 2 scrolls of fog {unknown}
 N - a scroll of blinking {unknown}
 S - a scroll of teleportation
 T - a scroll of random uselessness {unknown}
 Y - a scroll of brand weapon {unknown}
Potions
 i - 2 potions of flight
 k - 3 potions of invisibility
 p - a potion of mutation {unknown}
 q - a potion of ambrosia
 r - a potion of haste
 s - 2 potions of magic
 t - 12 potions of curing
 z - 3 potions of heal wounds
 D - 2 potions of brilliance
 F - 2 potions of lignification
 Q - a potion of cancellation
 X - 2 potions of berserk rage
Comestibles
 f - 22 rations
 P - 2 chunks of flesh


   Skills:
 + Level 9.2 Fighting
 - Level 16.3 Long Blades
 - Level 2.0 Throwing
 - Level 8.1 Armour
 - Level 7.0 Dodging


You had 10 spell levels left.
You didn't know any spells.

Dungeon Overview and Level Annotations

Branches:
Dungeon (11/15)            Temple (0/1) D:7             Orc (0/2) D:10
   Lair: D:8-11

Altars:
Cheibriados
Elyvilon
Makhleb
Nemelex Xobeh
Okawaru
Qazlal
Trog
Wu Jian
Yredelemnul
Beogh

Shops:
D:4 %   D:7 [

Annotations:
D:6 Grinder


Innate Abilities, Weirdness & Mutations

You reflexively headbutt those who attack you in melee.
You have a pair of horns on your head.


Message History

A bullfrog comes into view.
The bullfrog gives a loud, deep croak!
You hit the white ugly thing. You headbutt the white ugly thing!
The white ugly thing is lightly wounded.
You hit the white ugly thing.
The white ugly thing is moderately wounded.
The white ugly thing punches you. The white ugly thing freezes you!
You closely miss the white ugly thing. You headbutt the white ugly thing.
The white ugly thing is moderately wounded.
You feel sick.
You barely miss the white ugly thing. You headbutt the white ugly thing.
The white ugly thing is moderately wounded.
The white ugly thing punches you! The white ugly thing freezes you!!
* * * LOW HITPOINT WARNING * * *
You closely miss the white ugly thing. You headbutt the white ugly thing.
The white ugly thing is moderately wounded.
The white ugly thing punches you.
* * * LOW HITPOINT WARNING * * *
The white ugly thing freezes you!!
You die...

............#
............#
.o..........#
c...........#
.c..........#
.......<....#
###########.# #.#
#@#
################u#
..........5ho..oy#
..y.....†..y..hFy#
..r..............#
##################


You could see a white ugly thing, an orc warrior, a black bear, a bullfrog and 2
killer bees.

Vanquished Creatures
  4 two-headed ogres
  Joseph (D:8)
  Maurice (D:9)
  A troll (D:10)
  Prince Ribbit (D:8)
  2 hornets
  3 hippogriffs
  2 wyverns
  A human (D:8)
  A hungry ghost (D:9)
  2 vampire mosquitoes (D:9)
  A water moccasin (D:7)
  3 sky beasts
  4 orc warriors
  A black bear (D:11)
  9 centaurs
  A phantom (D:5)
  4 ogres
  2 crocodiles
  2 big kobolds
  2 bullfrogs
  14 scorpions
  A water moccasin skeleton (D:10)
  15 killer bees
  4 crimson imps
  2 centaur zombies
  2 bullfrog zombies
  3 jellies
  A quasit (D:6)
  7 orc priests
  4 hounds
  Crazy Yiuf (D:7)
  2 human zombies (Ossuary)
  3 centaur skeletons
  2 bullfrog skeletons
  5 iguanas
  12 orc wizards
  4 worker ants
  A killer bee zombie (D:8)
  3 big kobold zombies (Ossuary)
  A hound skeleton (D:6)
  2 mummies (Ossuary)
  2 worker ant zombies
  4 gnolls (D:7)
  7 scorpion zombies (Ossuary)
  14 adders
  2 shadow imps
  2 adder zombies
  A worm (D:6)
  3 dart slugs
  45 orcs
  A ball python (D:1)
  5 giant cockroaches
  3 gnoll zombies
  8 goblins
  8 hobgoblins
  18 jackals
  7 quokkas
  5 bats
  3 frilled lizards
  2 goblin zombies (Ossuary)
  A jackal zombie (D:8)
  18 kobolds
  2 kobold zombies (Ossuary)
  3 orc zombies (Ossuary)
  12 rats
  A spectral orc (D:6)
314 creatures vanquished.

Vanquished Creatures (others)
  A mummy (Ossuary)
  18 fungi (D:11)
  5 plants (D:11)
24 creatures vanquished.

Grand Total: 338 creatures vanquished

Notes
Turn   | Place    | Note
-------+----------+-------------------------------------------
     0 | D:1      | ohad the Minotaur Gladiator began the quest for the Orb.
     0 | D:1      | Reached XP level 1. HP: 18/18 MP: 0/0
    42 | D:1      | Reached skill level 4 in Long Blades
   132 | D:1      | Reached XP level 2. HP: 23/25 MP: 1/1
   694 | D:2      | Reached skill level 5 in Long Blades
   738 | D:2      | Reached XP level 3. HP: 15/30 MP: 2/2
  1228 | D:2      | Reached skill level 6 in Long Blades
  1228 | D:2      | Reached XP level 4. HP: 16/37 MP: 3/3
  1455 | D:2      | Found a snail-covered altar of Cheibriados.
  1820 | D:3      | Found a white marble altar of Elyvilon.
  1866 | D:3      | Reached XP level 5. HP: 29/42 MP: 4/4
  1871 | D:3      | Reached skill level 7 in Long Blades
  2425 | D:4      | Found an iron altar of Okawaru.
  2462 | D:4      | Got a clouded copper ring
  2468 | D:4      | Identified the ring "Puquez" {Ice rN+ MR+++ Str-5} (You found it on level 4 of the Dungeon)
  2519 | D:4      | Reached skill level 8 in Long Blades
  2564 | D:4      | Reached XP level 6. HP: 50/50 MP: 5/5
  2752 | D:4      | Found Ivigheych's Food Emporium.
  2770 | D:4      | Reached skill level 9 in Long Blades
  3026 | D:5      | Entered Level 5 of the Dungeon
  3090 | D:5      | Reached XP level 7. HP: 56/56 MP: 6/6
  3117 | D:5      | Reached skill level 10 in Long Blades
  3301 | D:5      | Found a burning altar of Makhleb.
  3307 | D:5      | Became a worshipper of Makhleb the Destroyer
  3321 | D:5      | Reached skill level 11 in Long Blades
  3488 | D:5      | Noticed a wyvern
  3498 | D:5      | Killed a wyvern
  3498 | D:5      | Reached XP level 8. HP: 62/62 MP: 7/7
  3886 | D:6      | Reached skill level 12 in Long Blades
  4178 | D:5      | Reached * piety under Makhleb
  4525 | D:6      | Noticed Grinder
  4526 | D:6      | Paralysed by Grinder for 6 turns
  4860 | D:6      | Found a basalt altar of Yredelemnul.
  4908 | D:6      | Reached skill level 13 in Long Blades
  5034 | D:7      | Got a smoking pewter amulet
  5036 | D:7      | Identified the amulet of Zisium {Inacc rF+ Int+4} (You found it on level 7 of the Dungeon)
  5116 | D:7      | Found a runed door.
  5120 | D:7      | Noticed Crazy Yiuf
  5122 | D:7      | Killed Crazy Yiuf
  5164 | D:7      | Found a staircase to the Ecumenical Temple.
  5197 | D:7      | Reached XP level 9. HP: 68/68 MP: 8/8
  5215 | D:7      | Found Meorunamp's Antique Armour Shop.
  5390 | D:7      | Bought a pair of embroidered gloves for 225 gold pieces
  5390 | D:7      | Bought a pair of boots for 135 gold pieces
  5456 | D:7      | Reached skill level 14 in Long Blades
  5824 | D:7      | Reached ** piety under Makhleb
  6350 | D:8      | Found a sand-covered staircase.
  6357 | Ossuary  | Entered an ossuary
  6411 | Ossuary  | Reached skill level 15 in Long Blades
  6473 | Ossuary  | Reached *** piety under Makhleb
  7035 | D:8      | Reached skill level 16 in Long Blades
  7060 | D:8      | Noticed Joseph
  7102 | D:8      | Killed Joseph
  7102 | D:8      | Reached XP level 10. HP: 74/74 MP: 9/9
  7197 | D:8      | Found a stormy altar of Qazlal.
  7456 | D:8      | Noticed Prince Ribbit
  7467 | D:8      | Killed Prince Ribbit
  7467 | D:8      | Reached skill level 5 in Fighting
  7595 | D:8      | Found a sparkling altar of Nemelex Xobeh.
  7598 | D:8      | Found an ornate altar of the Wu Jian Council.
  7601 | D:8      | Found a bloodstained altar of Trog.
  7837 | D:9      | Reached **** piety under Makhleb
  8256 | D:9      | Noticed Maurice
  8262 | D:9      | Killed Maurice
  8314 | D:9      | Noticed a two-headed ogre
  8390 | D:9      | Killed a two-headed ogre
  8862 | D:10     | Entered Level 10 of the Dungeon
  8868 | D:10     | Noticed a two-headed ogre
  8879 | D:10     | Killed a two-headed ogre
  9032 | D:10     | Noticed a two-headed ogre
  9040 | D:10     | Killed a two-headed ogre
  9040 | D:10     | Reached skill level 5 in Dodging
  9040 | D:10     | Reached XP level 11. HP: 75/86 MP: 10/10
  9539 | D:10     | Noticed a two-headed ogre
  9563 | D:10     | Killed a two-headed ogre
  9647 | D:10     | Found a staircase to the Orcish Mines.
  9650 | D:10     | Reached ***** piety under Makhleb
  9666 | D:10     | Found a roughly hewn altar of Beogh.
 10227 | D:11     | Noticed a white ugly thing
 10259 | D:11     | Demolished by a white ugly thing

Vault maps used:
D:1:      mainiacjoe_arrival_reflecting_pool
D:2:      kennysheep_slug_shrine, first_ration
D:3:      lemuel_crystal_altar
D:4:      nicolae_overflow_hidden_temple, serial_shops, nicolae_shop_trees
D:5:      nicolae_overflow_crystal_walls, kennysheep_generic_room_8
D:6:      yredelemnul_forgotten_temple_becter, uniq_grinder
D:7:      minmay_temple_entry_glassed_door, serial_shops, shop,
          hangedman_abyss_or_decor_slice, uniq_crazy_yiuf_cottage
D:8:      nicolae_qazlal_style_of_elements, grunt_temple_overflow_diamond,
          enter_ossuary_3, grunt_pizzeria, uniq_joseph, uniq_prince_ribbit1
D:9:      uniq_maurice
D:10:     minmay_orc_entry_temple_small, grunt_ministairs_13
D:11:     due_lair_maze_entry_diamond
Ossuary:  ossuary_minmay_scorpions

Skill      XL: |  1  2  3  4  5  6  7  8  9 10 11 |
---------------+----------------------------------+-----
Long Blades    | 4 5 6 8 9 11 13 16 | 16.3
Fighting       | 5 9 |  9.2
Dodging        | 5 7 |  7.0
Armour         | 8 |  8.1
Throwing       | |  2.0

Action                   |  1- 3 |  4- 6 |  7- 9 | 10-12 || total
-------------------------+-------+-------+-------+-------++-------
Melee: Long sword        |    79 |    95 |   154 |       ||   328
       Headbutt          |    16 |    21 |   106 |    77 ||   220
       Scimitar          |       |       |   261 |   247 ||   508
Throw: Throwing net      |       |     3 |     3 |       ||     6
  Use: Scroll            |       |       |    13 |     6 ||    19
       Potion            |       |       |     1 |     1 ||     2
 Stab: Held in net/web   |       |     1 |     1 |       ||     2
  Eat: Chunk             |     1 |     6 |     5 |     6 ||    18
       Ration            |       |       |     3 |     1 ||     4
Armor: Leather armour    |     2 |       |       |       ||     2
       Chain mail        |    33 |       |       |       ||    33
       Scale mail        |    20 |    32 |   125 |    84 ||   261
Dodge: Dodged            |    65 |    62 |   196 |   178 ||   501
       Rpst.: Long sword |    15 |    15 |    32 |       ||    62
       Scimitar          |       |       |    30 |    39 ||    69

Table legend:
 A = Spawn XP
 B = Non-spawn XP
 C = Spawn XP percentage of total XP
 D = Spawn monster count
 E = Non-spawn monster count
 F = Spawn count percentage of total count
 G = Total turns spent on level
                    A         B        C        D         E        F      G
               +---------+---------+-------+---------+---------+-------+---------
         Total |       0 |   16271 |   0.0 |       0 |     314 |   0.0 | 10259
               +---------+---------+-------+---------+---------+-------+---------
           D:1 |       0 |      30 |   0.0 |       0 |      21 |   0.0 |   662
           D:2 |       0 |     104 |   0.0 |       0 |      24 |   0.0 |   981
           D:3 |       0 |     156 |   0.0 |       0 |      28 |   0.0 |   743
           D:4 |       0 |     521 |   0.0 |       0 |      18 |   0.0 |   703
           D:5 |       0 |    1025 |   0.0 |       0 |      17 |   0.0 |  1032
           D:6 |       0 |     532 |   0.0 |       0 |      26 |   0.0 |   890
           D:7 |       0 |    1345 |   0.0 |       0 |      36 |   0.0 |  1336
           D:8 |       0 |    1881 |   0.0 |       0 |      28 |   0.0 |   914
           D:9 |       0 |    2603 |   0.0 |       0 |      19 |   0.0 |  1080
          D:10 |       0 |    5166 |   0.0 |       0 |      37 |   0.0 |  1198
          D:11 |       0 |    2003 |   0.0 |       0 |      28 |   0.0 |   199
       Ossuary |       0 |     905 |   0.0 |       0 |      32 |   0.0 |   521
               +---------+---------+-------+---------+---------+-------+---------
